 Dungeon Crawl Stone Soup version 0.29.0-4-gdea44cf6ec (webtiles) character file.

Game seed: 17593646790318433670

46 qw the Chopper (level 3, 0/21 HPs)
             Began as a Tengu Warper on Aug 28, 2022.
             Slain by a gnoll
             ... wielding a +0 spear
              (4 damage)
             ... on level 2 of the Dungeon.
             The game lasted 00:00:08 (1180 turns).

qw the Chopper (Tengu Warper)                       Turns: 1180, Time: 00:00:08

Health: 0/21       AC:  3    Str: 11 (13) XL:     3   Next: 66%
Magic:  7/7        EV: 11    Int: 11 (13) God:
Gold:   77         SH:  0    Dex: 10 (13) Spells: 6/6 levels left

rFire   . . .      SeeInvis .   Y - +0 hand axe
rCold   . . .      Faith    .   (no shield)
rNeg    . . .      Spirit   .   b - +0 leather armour
rPois   .          Reflect  .   (helmet restricted)
rElec   .          Harm     .   (no cloak)
rCorr   .          Rampage  .   (no gloves)
Will    .....                   (boots unavailable)
Stlth   +.........              (no amulet)
HPRegen 0.07/turn               (no ring)
MPRegen 0.10/turn               (no ring)

@: no status effects
A: beak, talons 3
a: no special abilities


You were on level 2 of the Dungeon.
You visited 1 branch of the dungeon, and saw 2 of its levels.

You collected 77 gold pieces.


Innate Abilities, Weirdness & Mutations

You have a beak for a mouth.
You have claws for feet.


   Skills:
 - Level 2.0 Fighting
 + Level 4.3 Axes
 - Level 1.0 Throwing
 - Level 1.1 Armour
 - Level 2.1 Dodging
 - Level 2.0 Spellcasting
 - Level 2.4 Translocations


You had 6 spell levels left.
You didn't know any spells.
Your spell library contained the following spells:

 Spells                   Type           Power      Damage    Failure   Level
 Blink                    Tloc           12%        N/A       22%         2
 Gell's Gravitas          Tloc           6%         N/A       41%         3
 Lesser Beckoning         Tloc           6%         N/A       41%         3
 Teleport Other           Tloc           6%         N/A       41%         3
 Manifold Assault         Tloc           6%         N/A       99%         5

Inventory:

Hand Weapons
 j - a +0 whip
 Y - a +0 hand axe (weapon)
Armour
 b - a +0 leather armour (worn)
Potions
 h - a potion of attraction {unknown}
 i - a potion of cancellation {unknown}

Dungeon Overview and Level Annotations

Branches:
Dungeon (2/15)

Altars:

Shops:
D:2 (


Message History

You hear an angry hiss.
An adder comes into view.
The adder hisses angrily.
The gnoll shouts!
You enter the shallow water.
Moving in this stuff is going to be slow.
The adder bites you but does no damage.
The gnoll hits you from afar with a +0 spear.
The adder bites you.
1170 ||| Stepping ~*~*~tactically~*~*~ (water).
The adder bites you but does no damage.
You miss the adder. The adder bites you but does no damage.
The adder completely misses you.
You closely miss the adder. Your kick misses the adder.
The adder barely misses you.
You hit the adder but do no damage. You claw the adder.
The adder is heavily wounded.
The adder bites you but does no damage.
You hit the adder. Your kick misses the adder.
The adder is severely wounded.
The adder barely misses you. The adder bites you but does no damage.
You barely miss the adder. Your kick misses the adder. You peck the adder.
The adder is almost dead.
The adder bites you.
You hit the adder.
You kill the adder!
The gnoll barely misses you.
The gnoll hits you from afar with a +0 spear.
You hit the gnoll.
The gnoll is lightly wounded.
The gnoll barely misses you. x2
You hit the gnoll but do no damage.
The gnoll is lightly wounded.
The gnoll closely misses you. x2; The gnoll hits you with a +0 club.
The gnoll misses you.
You barely miss the gnoll. Your kick misses the gnoll.
The gnoll is lightly wounded.
The gnoll hits you from afar with a +0 spear.
The gnoll hits you with a +0 club.
The gnoll hits you from afar with a +0 spear.
You die...

............. #.....
............ . .
#.....
......#~~~.###..
#####.
......~~~~~...:. #.
#..>~~\~~.....#####
#. (
#g~~.~~.........# #.
.. #~.~#.........#
#. ...
#..##.........###.
....
#@g.#.............
.....
#?..#.........###.
#....#gg.#.........#
#.
#.....g............#
#.
#........#.........#
#.
##.#.........#<#.###
#. # ##.######.#.#.#
#. #.. #.#.#.# #.
### #.#.#..


You could see 4 gnolls.

Vanquished Creatures
  An adder (D:2)
  A dart slug (D:1)
  3 bats
  3 endoplasms (D:1)
  2 giant cockroaches
  A goblin (D:1)
  2 hobgoblins (D:1)
  3 jackals (D:1)
  6 kobolds (D:1)
  2 quokkas (D:1)
  3 ball pythons (D:1)
  A frilled lizard (D:1)
  4 rats
32 creatures vanquished.

Notes
Turn   | Place    | Note
-------+----------+-------------------------------------------
     0 | D:1      | qw the Tengu Warper began the quest for the Orb.
     0 | D:1      | Reached XP level 1. HP: 12/12 MP: 4/4
     0 | D:1      | 0 ||| qw: Version: 0.1-a-89-g26bdef1
     0 | D:1      | 0 ||| qw: Game counter: 2043
     0 | D:1      | 0 ||| qw: Always use a shield: true
     0 | D:1      | 0 ||| qw: God list: Okawaru
     0 | D:1      | 0 ||| qw: Allow faded altars: false
     0 | D:1      | 0 ||| qw: Do Orc after D:15 true
     0 | D:1      | 0 ||| qw: Do second Lair branch before Depths: true
     0 | D:1      | 0 ||| qw: Lair rune preference: random
     0 | D:1      | 0 ||| qw: Plans: Normal
     0 | D:1      | 0 ||| PLANNING D:1-11
   138 | D:1      | Reached skill level 3 in Axes
   138 | D:1      | Reached XP level 2. HP: 15/17 MP: 6/6
   553 | D:1      | 553 ||| DROPPING +0 club.
   636 | D:1      | Reached XP level 3. HP: 19/21 MP: 7/7
   875 | D:1      | Reached skill level 4 in Axes
  1058 | D:1      | 1058 ||| READING 2 scrolls labelled NIMATR DOASYDA.
  1059 | D:1      | 1059 ||| READING scroll labelled ARUFEPN BOQOU.
  1060 | D:1      | 1060 ||| READING scroll labelled SUIDOR NECUETT.
  1061 | D:1      | 1061 ||| DRINKING 2 white potions.
  1062 | D:1      | 1062 ||| DROPPING scroll of immolation.
  1063 | D:1      | 1063 ||| DROPPING scroll of blinking.
  1064 | D:1      | 1064 ||| DROPPING potion of degeneration.
  1160 | D:2      | Found Loixt's Antique Weapon Shop.
  1170 | D:2      | 1170 ||| Stepping ~*~*~tactically~*~*~ (water).
  1180 | D:2      | HP: 5/21 [gnoll/+0 spear (3)]
  1180 | D:2      | Slain by a gnoll

Levels and vault maps discovered:
D:1:      dpeg_arrival_arbitrary_c, layout_loops_cross
D:2:      layout_basic, ebering_ecumenical_altar_box, serial_shops,
          nicolae_shop_waterfront

Skill      XL: |  1  2  3 |
---------------+----------+-----
Axes           | 3 4 |  4.3
Fighting       | |  2.0
Throwing       | |  1.0
Armour         | |  1.1
Dodging        | |  2.1
Spellcasting   | |  2.0
Translocations | |  2.4

Action                   || total
-------------------------++-------
Melee: Hand axe          ||    85
       Kick              ||    17
       Peck              ||     6
Throw: Boomerang         ||     7
  Use: Scroll            ||     3
       Potion            ||     1
Armor: Leather armour    ||    39
Dodge: Dodged            ||    51

Table legend:
 A = Non-vault XP
 B = Vault XP
 C = Vault XP percentage of total XP
 D = Non-vault monster count
 E = Vault monster count
 F = Vault count percentage of total count
                 A         B        C        D         E       F
            +---------+---------+-------+---------+---------+-------
      Total |      66 |       0 |   0.0 |      32 |       0 |   0.0
            +---------+---------+-------+---------+---------+-------
        D:1 |      49 |       0 |   0.0 |      28 |       0 |   0.0
        D:2 |      17 |       0 |   0.0 |       4 |       0 |   0.0
            +---------+---------+-------+---------+---------+-------
